cohdb
Replays
Latest Replays
All Replays
Popular Replays
Top Player Replays
Match Explorer
How It Works
Community
CoH3 Stats
Reddit
Sign in to upload your games and track your stats! →
Sign in with Steam
Match 41156311
Unlisted
Match 41156311
Overview
Messages
Build Orders
End
Construct Infanterie Kompanie
Kettenkrad Recon Vehicle
Selects Breakthrough Battlegroup
Selects Assault Grenadiers
MG 42 Machine Gun Team
Grenadier Squad
GrW 34 Mortar Team
Construct Luftwaffe Kompanie
Grenadier Squad
Support Elements
Selects Rapid Production
Marder III M Tank Destroyer
Selects Breakthrough
ChaserofLight
Stalker
余寶
JUBA
[HAN]Diederick Kastner
还有一丝!!!
carotin3
Border of Life
0
0
Comments
sign in to comment!
No comments posted yet!